Map: Triton LE

Players

TPIII - Winner!

  • Race: Zerg Zerg
  • League: Diamond
  • Spawn Location: 5:00

VaeVictus

  • Race: Protoss Protoss
  • League: Diamond
  • Spawn Location: 11:00

VOD

Have the link to the VOD?

Description

Time

  • Played on: Nov. 25, 2019, 11:42 p.m.
  • Length: 12:29
Show
View Real Time Build Order
Export as new Build Order

TPIII Zerg - Winner!

Build Orders: Hatch First, Brood Lord Corruptor 

Get SALT Encoding   

  12  0:01  Drone  
  13  0:12  Overlord  
  13  0:16  Drone  
  14  0:31  Drone x2  
  14  0:35  Drone  
  17  0:54  Drone  
  17  0:55  Hatchery  
  17  1:08  Spawning Pool  
  17  1:11  Drone  
  17  1:14  Drone  
  17  1:18  Drone  
  19  1:40  Hatchery, Drone  
  19  1:43  Drone  
  20  1:50  Overlord  
  20  1:58  Queen  
  22  2:07  Queen  
  24  2:11  Zergling x2  
  24  2:15  Zergling x2  
  26  2:17  Zergling x2  
  26  2:19  Zergling x2  
  28  2:23  Drone  
  28  2:28  Drone  
  30  2:35  Drone  
  32  2:44  Drone x2  
  32  2:45  Queen  
  32  2:51  Queen  
  35  2:52  Overlord  
  35  2:55  Drone  
  35  2:57  Drone  
  39  3:01  Drone  
  40  3:06  Drone  
  40  3:07  Drone  
  40  3:09  Extractor x2  
  40  3:12  Drone  
  40  3:15  Drone  
  41  3:20  Drone x4  
  41  3:21  Drone  
  41  3:23  Drone  
  47  3:36  Drone x2  
  47  3:37  Overlord  
  47  3:38  Overlord  
  49  4:00  Lair  
  49  4:03  Drone  
  49  4:04  Drone x6  
  49  4:05  Drone x4  
  60  4:12  Overlord x2  
  60  4:14  Extractor x2  
  57  4:29  Spore Crawler  
  54  4:31  Spore Crawler  
  54  4:34  Spore Crawler  
  54  4:37  Drone x3  
  54  4:38  Drone x2  
  56  4:39  Drone  
  56  4:44  Drone  
  56  4:45  Drone x5  
  64  4:46  Metabolic Boost  
  64  4:51  Baneling Nest  
  63  4:56  Evolution Chamber  
  63  4:57  Evolution Chamber  
  61  5:03  Queen  
  61  5:05  Drone  
  61  5:06  Hatchery, Drone  
  64  5:08  Drone  
  64  5:09  Drone  
  64  5:11  Drone  
  67  5:17  Drone x4  
  67  5:18  Drone  
  67  5:20  Drone  
  73  5:30  Drone x5  
  73  5:34  Centrifical Hooks, Hydralisk Den  
  77  5:36  Zerg Melee Weapons Level 1  
  77  5:42  Zerg Ground Armor Level 1  
  77  5:49  Extractor  
  76  5:50  Extractor  
  75  6:01  Drone x2  
  75  6:02  Drone x3  
  75  6:03  Drone  
  81  6:14  Hatchery, Overlord  
  81  6:15  Overlord x3  
  80  6:25  Pneumatized Carapace  
  80  6:32  Hydralisk x3  
  80  6:33  Hydralisk x8  
  80  6:34  Hydralisk x2  
  106  6:48  Drone x3  
  106  6:49  Spine Crawler  
  106  6:53  Spine Crawler  
  107  6:55  Spine Crawler  
  107  6:56  Overlord x4  
  107  6:59  Muscular Augments  
  107  7:00  Zergling x10  
  111  7:03  Overlord x2  
  111  7:05  Overlord  
  111  7:19  Zergling x2  
  111  7:20  Zergling x24  
  124  7:35  Zerg Melee Weapons Level 2  
  124  7:36  Zerg Ground Armor Level 2  
  124  7:43  Infestation Pit  
  118  7:59  Drone x16  
  118  8:00  Drone x7  
  118  8:01  Overlord x3  
  141  8:14  Extractor  
  141  8:15  Spore Crawler  
  141  8:16  Extractor  
  138  8:25  Spine Crawler  
  138  8:26  Spine Crawler  
  136  8:27  Baneling x2  
  136  8:28  Baneling x6  
  136  8:29  Zergling x10, Baneling x2, Spine Crawler  
  136  8:30  Zergling x14  
  136  8:32  Spine Crawler, Overlord  
  146  8:34  Overlord  
  146  8:37  Hive  
  144  8:45  Spire  
  143  9:18  Zergling x10  
  143  9:19  Zergling x46  
  143  9:20  Zergling x8  
  175  9:32  Hatchery  
  171  9:53  Baneling x2  
  171  9:54  Baneling x4  
  169  10:16  Corruptor x3  
  169  10:17  Corruptor x8  
  169  10:18  Corruptor x4  
  169  10:21  Greater Spire  
  199  10:38  Baneling x16  
  188  11:32  Brood Lord x6  
  196  11:56  Corruptor x5  
  195  12:02  Zergling x10  
Show
View Real Time Build Order
Export as new Build Order

VaeVictus Protoss 

Build Orders: 1 Gate Expand, Oracle Opening 

Get SALT Encoding   

  12  0:00  Probe  
  13  0:13  Probe  
  14  0:25  Pylon  
  14  0:29  Pylon  
  14  0:32  Probe  
  15  0:49  Probe (Chrono Boost)  
  16  0:53  Gateway  
  16  0:55  Probe (Chrono Boost)  
  17  0:58  Assimilator  
  17  1:03  Probe  
  18  1:15  Probe  
  19  1:27  Probe  
  20  1:35  Nexus  
  20  1:43  Cybernetics Core  
  20  1:45  Probe  
  20  1:46  Assimilator  
  21  1:58  Probe  
  22  2:01  Pylon  
  22  2:11  Probe  
  23  2:17  Adept (Chrono Boost)  
  25  2:26  Probe  
  25  2:29  Stargate  
  26  2:38  Probe (Chrono Boost)  
  26  2:39  Warp Gate  
  26  2:48  Stalker  
  26  2:49  Probe (Chrono Boost)  
  26  2:51  Probe (Chrono Boost)  
  30  3:08  Probe  
  30  3:09  Probe, Gateway  
  32  3:15  Oracle (Chrono Boost)  
  33  3:22  Pylon  
  33  3:24  Probe x2  
  35  3:32  Shield Battery  
  35  3:36  Probe x2  
  37  3:41  Assimilator  
  37  3:44  Oracle (Chrono Boost)  
  37  3:45  Assimilator  
  37  3:48  Probe  
  41  3:55  Probe  
  42  4:00  Probe  
  43  4:07  Probe  
  44  4:12  Probe  
  45  4:18  Pylon  
  45  4:19  Probe  
  46  4:24  Probe  
  46  4:30  Nexus  
  48  4:31  Probe  
  48  4:36  Probe  
  49  4:43  Probe  
  49  4:45  Pylon  
  50  4:47  Robotics Facility  
  50  4:48  Probe  
  50  4:52  Pylon  
  51  4:54  Adept x2  
  51  4:55  Probe  
  56  5:00  Probe  
  56  5:03  Pylon  
  57  5:11  Probe  
  57  5:13  Probe  
  59  5:23  Probe  
  59  5:24  Twilight Council  
  59  5:27  Forge  
  60  5:34  Observer  
  60  5:35  Pylon  
  61  5:38  Probe x2  
  61  5:39  Protoss Ground Weapons Level 1  
  64  5:50  Probe (Chrono Boost)  
  64  5:54  Probe (Chrono Boost)  
  64  5:56  Probe (Chrono Boost)  
  66  5:57  Charge (Chrono Boost)  
  66  5:59  Pylon  
  66  6:03  Immortal, Templar Archives  
  70  6:10  Phoenix  
  72  6:11  Probe  
  73  6:18  Gateway  
  73  6:20  Gateway  
  73  6:27  Probe x3  
  73  6:28  Assimilator  
  73  6:30  Assimilator  
  76  6:33  Psionic Storm  
  76  6:42  Immortal  
  76  6:46  Gateway  
  80  6:47  Gateway  
  80  6:59  Gateway  
  80  7:00  Gateway  
  80  7:03  Probe x3  
  83  7:14  Shield Battery  
  83  7:15  Shield Battery, Probe x2  
  83  7:17  Photon Cannon  
  83  7:18  Probe  
  83  7:19  Photon Cannon  
  86  7:27  Probe, Zealot x2  
  86  7:28  Probe, Zealot  
  94  7:30  Probe  
  95  7:40  Probe  
  95  7:41  Zealot x3  
  100  7:48  Zealot  
  102  7:53  High Templar x3  
  102  7:55  High Templar, Protoss Ground Weapons Level 2 (Chrono Boost)  
  102  7:57  Probe x3  
  113  8:02  Immortal  
  117  8:06  Pylon  
  117  8:08  Pylon  
  117  8:15  Pylon  
  117  8:16  Pylon  
  117  8:20  Archon  
  117  8:21  Archon  
  117  8:24  Pylon, Probe  
  118  8:27  Pylon  
  115  8:42  Pylon  
  115  8:44  Pylon, Probe x3  
  115  8:47  High Templar x8  
  134  9:00  Archon x2  
  134  9:02  Probe x3  
  137  9:06  Gateway  
  137  9:07  Gateway  
  137  9:13  Nexus  
  137  9:14  Probe x2  
  137  9:15  Assimilator  
  139  9:17  Assimilator  
  139  9:22  High Templar x2  
  139  9:23  Zealot x5  
  139  9:24  Zealot  
  155  9:35  Warp Prism (Chrono Boost)  
  157  10:14  Nexus  
  150  10:17  Pylon  
  150  10:22  High Templar x3  
  150  10:23  High Templar  
  150  10:25  Zealot x3  
  150  10:28  Pylon  
  164  10:30  Pylon  
  164  10:40  Immortal (Chrono Boost)  
  165  10:59  Zealot x3  
  142  11:25  Pylon  
  138  11:29  Pylon  
  138  11:30  Pylon  
  138  11:33  Archon x2  
  138  11:41  Zealot x2  
  138  11:42  Zealot x4  
  138  11:43  Zealot x3  
  152  11:48  Immortal (Chrono Boost), Dark Shrine  
Tags
 
Add a new tag
Caveats
  • Supply blocks, unpowered buildings, or Contaminate may cause inaccurate times.
  • Supply counts are checked every 10 seconds.